 Dungeon Crawl Stone Soup version 0.22-a0-879-g615c57abe7 (webtiles) character file.

1048 LLavrengius the Skirmisher (level 8, -11/62 HPs)
             Began as a Demonspawn Skald on July 30, 2018.
             Was a Follower of Dithmenos.
             Mangled by tamionv's ghost (17 damage)
             ... on level 6 of the Dungeon.
             The game lasted 00:27:34 (6288 turns).

LLavrengius the Skirmisher (Demonspawn Skald)       Turns: 6288, Time: 00:27:34

Health: -11/62     AC:  5    Str: 11    XL:     8   Next: 5%
Magic:  20/20      EV: 12    Int: 16    God:    Dithmenos [*.....]
Gold:   307        SH:  5    Dex: 14    Spells: 7/11 levels left

rFire    . . .     SeeInvis .   y - +2 dagger (speed)
rCold    . . .     Gourm    .   e - +0 buckler (curse)
rNeg     . . .     Faith    .   b - +0 leather armour
rPois    +         Spirit   .   (no helmet)
rElec    .         Reflect  .   (no cloak)
rCorr    .         Harm     .   (no gloves)
MR       .....                  (no boots)
Stlth    ++++......             (no amulet)
HPRegen  0.20/turn              k - ring of magical power
MPRegen  0.17/turn              m - ring of poison resistance

@: wreathed by umbra
A: talons 2, slimy green scales 1, nightstalker 1
a: Renounce Religion


You were on level 6 of the Dungeon.
You worshipped Dithmenos.
Dithmenos was aware of your devotion.
You were very hungry.

You visited 1 branch of the dungeon, and saw 6 of its levels.

You collected 307 gold pieces.

Inventory:

Hand Weapons
 a - a +0 spear
 c - a +2 spear of piercing
 n - a +0 hunting sling
 s - a +1 dagger of flaming
 y - a +2 dagger of speed (weapon)
 z - a +1 dagger of freezing
 A - a +0 dagger
 B - a +0 dagger
Missiles
 i - 28 poisoned needles
 o - 95 stones (quivered)
 G - 5 tomahawks of returning
Armour
 b - a +0 leather armour (worn)
 e - a cursed +0 buckler (worn)
Jewellery
 k - a ring of magical power (left hand)
 m - a ring of poison resistance (right hand)
 K - an uncursed amulet of the acrobat {unknown}
Wands
 D - a wand of flame (21)
 E - a wand of iceblast (8)
 F - a wand of random effects (68)
 J - a wand of polymorph (9)
Scrolls
 f - 4 scrolls of identify {unknown}
 g - 3 scrolls of remove curse {unknown}
 j - a scroll of enchant armour {unknown}
 p - 3 scrolls of teleportation {unknown}
 q - a scroll of immolation {unknown}
 r - a scroll of enchant weapon {unknown}
 u - 2 scrolls of blinking {unknown}
 v - a scroll of fear {unknown}
 w - a scroll of noise {unknown}
 C - 2 scrolls of magic mapping {unknown}
 I - 2 scrolls of fog {unknown}
Potions
 h - a potion of lignification {unknown}
 l - 2 potions of magic {unknown}
 t - 2 potions of heal wounds {unknown}
 x - a potion of flight {unknown}
 H - a potion of haste {unknown}
Comestibles
 d - 6 rations


   Skills:
 + Level 5.0 Fighting
 + Level 0.0 Short Blades
 - Level 2.1 Polearms
 - Level 0.8 Armour
 - Level 2.0 Dodging
 + Level 4.2 Stealth
 * Level 3.4 Shields
 - Level 2.0 Spellcasting
 - Level 4.0 Charms
 - Level 4.1 Necromancy


You had 7 spell levels left.
You knew the following spells:

 Your Spells              Type           Power        Failure   Level  Hunger
a - Infusion              Chrm           ##..         5%          1    #......
b - Regeneration          Chrm/Necr      ##........   17%         3    ###....

Your spell library contained the following spells:

 Spells                   Type           Power        Failure   Level  Hunger
 Shroud of Golubria       Chrm/Tloc      #.........   19%         2    ###....
 Song of Slaying          Chrm           ##......     9%          2    ###....
 Spectral Weapon          Hex/Chrm       #.......     36%         3    ###....


Dungeon Overview and Level Annotations

Branches:
Dungeon (6/15)             Temple (0/1) D:4

Altars:
Dithmenos
Nemelex Xobeh
Trog
Uskayaw
Zin

Annotations:
D:6 tamionv's ghost, novice HOFi


Innate Abilities, Weirdness & Mutations

You have razor-sharp toenails.
You are partially covered in slimy green scales. (AC +2)
You are slightly more attuned to the shadows.


Message History

Tamionv's ghost hits you!
You hit tamionv's ghost but do no damage.
You claw tamionv's ghost, but do no damage.
Tamionv's ghost is lightly damaged.
You hit tamionv's ghost but do no damage.
You claw tamionv's ghost, but do no damage.
Tamionv's ghost is lightly damaged.
Tamionv's ghost misses you.
You hit tamionv's ghost but do no damage.
Your kick misses tamionv's ghost.
Tamionv's ghost is lightly damaged.
Tamionv's ghost hits you!!
* * * LOW HITPOINT WARNING * * *
You hit tamionv's ghost but do no damage.
Your kick misses tamionv's ghost.
Tamionv's ghost is lightly damaged.
You hit tamionv's ghost but do no damage.
Tamionv's ghost is lightly damaged.
Tamionv's ghost hits you!
You die...

#..# ####.######....# ####..#
#..# #.#### ..))..# ##.# #.#
.###..##############.#
.#..........#.....#..#
.#.#........#(...(#..#
.#.#..#####.#..♣..'..#
.#.......o..#(....'..#
.#.#........#...@.'.##
.#.#.....##o#.(W..#.# .#.#...###
#.(..(#.# .......#
###################. ........
#.>.................
#.)##.########.#########........
#...#..>.......# #>#####..
......########## #.# ...._.##
#.#


You could see tamionv's ghost.

Vanquished Creatures
  A sky beast (D:5)
  An ice beast (D:5)
  2 ogres
  A scorpion (D:4)
  2 crimson imps
  A centaur zombie (D:6)
  2 hounds
  A centaur skeleton (D:5)
  An orc priest (D:4)
  3 orc wizards
  2 iguanas (D:5)
  3 worker ants
  A hound skeleton (D:4)
  7 adders
  3 oozes
  3 worms
  4 leopard geckos
  26 orcs
  9 bats
  4 giant cockroaches
  8 goblins
  7 hobgoblins
  13 jackals
  4 kobolds
  2 quokkas (D:5)
  6 frilled lizards
  12 rats
129 creatures vanquished.

Notes
Turn   | Place    | Note
-------+----------+-------------------------------------------
     0 | D:1      | LLavrengius the Demonspawn Skald began the quest for the Orb.
     0 | D:1      | Reached XP level 1. HP: 16/16 MP: 3/3
   142 | D:1      | Gained mutation: You are slightly more attuned to the shadows. [demonic ancestry]
   142 | D:1      | Reached XP level 2. HP: 9/22 MP: 5/5
   932 | D:2      | Reached XP level 3. HP: 28/28 MP: 6/6
  1003 | D:2      | Reached skill level 1 in Stealth
  1414 | D:3      | Gained mutation: You are partially covered in slimy green scales. (AC +2) [demonic ancestry]
  1414 | D:3      | Reached XP level 4. HP: 34/34 MP: 7/7
  1463 | D:3      | Found a shadowy altar of Dithmenos.
  1583 | D:3      | Reached skill level 3 in Fighting
  1588 | D:3      | Learned a level 3 spell: Regeneration
  2048 | D:3      | Became a worshipper of Dithmenos the Shadowed
  2120 | D:3      | Found a sparkling altar of Nemelex Xobeh.
  2777 | D:4      | Reached XP level 5. HP: 29/41 MP: 8/8
  2890 | D:4      | Reached skill level 1 in Shields
  2890 | D:4      | Reached skill level 1 in Necromancy
  3133 | D:4      | Found a staircase to the Ecumenical Temple.
  3581 | D:4      | Gained mutation: You have sharp toenails. [demonic ancestry]
  3581 | D:4      | Reached XP level 6. HP: 40/47 MP: 9/9
  3938 | D:5      | Entered Level 5 of the Dungeon
  3938 | D:5      | Noticed an ice beast
  4421 | D:5      | Noticed a sky beast
  4440 | D:5      | Killed a sky beast
  4440 | D:5      | Reached skill level 4 in Fighting
  4565 | D:5      | Killed an ice beast
  4565 | D:5      | Gained mutation: You have razor-sharp toenails. [demonic ancestry]
  4565 | D:5      | Reached XP level 7. HP: 7/54 MP: 10/10
  4856 | D:5      | Reached * piety under Dithmenos
  6070 | D:6      | Found a glowing silver altar of Zin.
  6071 | D:6      | Found a bloodstained altar of Trog.
  6072 | D:6      | Found a hide-covered altar of Uskayaw.
  6234 | D:6      | Found a runed gate.
  6250 | D:6      | Reached skill level 5 in Fighting
  6250 | D:6      | Reached XP level 8. HP: 45/62 MP: 11/11
  6268 | D:6      | Found a runed gate.
  6269 | D:6      | Found a runed gate.
  6275 | D:6      | Noticed tamionv's ghost (novice HOFi)
  6288 | D:6      | Mangled by tamionv's ghost

Vault maps used:
D:1:      evilmike_arrival_crescent
D:3:      lemuel_round_altar, nemelex_dance_club_becter
D:4:      minmay_temple_entry_fiery
D:5:      first_ration, eino_tiny_chamber
D:6:      grunt_temple_overflow_open, ebering_ghost_rock_garden, basic_altar,
          nicolae_lava_and_water

Skill      XL: |  1  2  3  4  5  6  7 |
---------------+----------------------+-----
Dodging        | 2 |  2.0
Polearms       | 2 |  2.1
Charms         | 3 4 |  4.0
Stealth        | 1 2 3 4 |  4.2
Fighting       | 3 4 5 |  5.0
Shields        | 1 2 3 |  3.4
Necromancy     | 1 2 4 |  4.1
Armour         | |  0.8
Spellcasting   | |  2.0

Action                   |  1- 3 |  4- 6 |  7- 9 || total
-------------------------+-------+-------+-------++-------
Melee: Spear             |   138 |   177 |       ||   315
       Dagger            |       |    53 |   179 ||   232
       Kick              |       |    17 |    47 ||    64
 Stab: Sleeping          |    11 |    13 |     4 ||    28
       Distracted        |       |     2 |       ||     2
  Eat: Chunk             |     1 |     7 |     1 ||     9
       Ration            |       |     1 |     1 ||     2
Armor: Leather armour    |    27 |    45 |    11 ||    83
Dodge: Dodged            |    56 |    72 |    71 ||   199
Block: Buckler           |       |       |    27 ||    27

Table legend:
 A = Spawn XP
 B = Non-spawn XP
 C = Spawn XP percentage of total XP
 D = Spawn monster count
 E = Non-spawn monster count
 F = Spawn count percentage of total count
 G = Total turns spent on level
                    A         B        C        D         E        F      G
               +---------+---------+-------+---------+---------+-------+---------
         Total |       0 |    1498 |   0.0 |       0 |     129 |   0.0 |  6288
               +---------+---------+-------+---------+---------+-------+---------
           D:1 |       0 |      27 |   0.0 |       0 |      16 |   0.0 |   800
           D:2 |       0 |      68 |   0.0 |       0 |      28 |   0.0 |   585
           D:3 |       0 |      49 |   0.0 |       0 |      23 |   0.0 |  1036
           D:4 |       0 |     341 |   0.0 |       0 |      19 |   0.0 |  1828
           D:5 |       0 |     736 |   0.0 |       0 |      32 |   0.0 |  1636
           D:6 |       0 |     277 |   0.0 |       0 |      11 |   0.0 |   403
               +---------+---------+-------+---------+---------+-------+---------
